 Dungeon Crawl Stone Soup version 0.22.0-38-g04b72b8 (webtiles) character file.

1613 poirepourri the Cleaver (level 8, -1/73 HPs)
             Began as a Deep Dwarf Fighter on Aug 30, 2018.
             Slain by an ogre
             ... wielding a +0 giant club
              (23 damage)
             ... on level 6 of the Dungeon.
             The game lasted 00:03:37 (3568 turns).

poirepourri the Cleaver (Deep Dwarf Fighter)        Turns: 3568, Time: 00:03:38

Health: -1/73      AC:  9    Str: 21    XL:     8   Next: 64%
Magic:  17/17      EV:  7    Int:  8    God:
Gold:   229        SH:  9    Dex: 14    Spells: 7/7 levels left

rFire    . . .     SeeInvis .   a - +1 war axe
rCold    . . .     Gourm    .   c - +0 shield
rNeg     . . .     Faith    .   b - +0 scale mail
rPois    .         Spirit   .   l - +0 helmet
rElec    .         Reflect  .   (no cloak)
rCorr    .         Harm     .   (no gloves)
MR       +....                  e - +0 pair of boots
Stlth    ..........             (no amulet)
HPRegen  0.00/turn              g - ring of magical power
MPRegen  0.15/turn              (no ring)

@: non-regenerating
A: damage resistance, heal wounds, sense surroundings 1, no regeneration
a: Heal Wounds


You were on level 6 of the Dungeon.
You were not hungry.

You visited 1 branch of the dungeon, and saw 6 of its levels.

You collected 229 gold pieces.

Inventory:

Hand Weapons
 a - a +1 war axe (weapon)
Missiles
 m - 10 tomahawks (quivered)
Armour
 b - a +0 scale mail (worn)
 c - a +0 shield (worn)
 e - a +0 pair of boots (worn)
 l - a +0 helmet (worn)
Jewellery
 g - a ring of magical power (left hand)
Wands
 d - a wand of digging (3)
 k - a wand of flame (30)
Scrolls
 i - 2 scrolls of blinking
 n - 2 scrolls of remove curse
 o - a scroll of amnesia
 q - 2 scrolls of teleportation
 v - a scroll of random uselessness {unknown}
Potions
 h - 2 potions of brilliance
 j - 2 potions of lignification
 p - 2 potions of heal wounds
 r - 2 potions of curing
 s - a potion of ambrosia
 t - a potion of magic {unknown}
Comestibles
 f - 13 rations
 u - 3 chunks of flesh


   Skills:
 + Level 4.7 Fighting
 - Level 11.1 Axes
 - Level 3.2 Armour
 - Level 3.2 Shields


You had 7 spell levels left.
You didn't know any spells.
Your spell library was empty.

Dungeon Overview and Level Annotations

Branches:
Dungeon (6/15)
 Temple: D:4-7

Altars:
Fedhas
Gozag
Kikubaaqudgha
Qazlal
Beogh

Portals:
Ossuary: D:4

Annotations:
D:3 3 runed doors, TheNamelessOne's ghost, amateur GrBe


Innate Abilities, Weirdness & Mutations

You are resistant to damage.
You can heal yourself by infusing magical energy.
You passively map a small area around you.
You do not regenerate.


Message History

Unknown command.
The phantom blinks!
The orc wizard hits you but does no damage.
Unknown command.
You slice the orc wizard!!
You kill the orc wizard!
You closely miss the ogre.
You feel less confused. The ogre barely misses you.
Unknown command.
You hit the ogre.
The ogre is lightly wounded.
You closely miss the phantom. The phantom hits you.
The ogre hits you with a giant club!!
Unknown command.
You barely miss the ogre.
The ogre is lightly wounded.
You barely miss the phantom. The phantom hits you.
The ogre hits you with a giant club!!
You die...

.........# ##.#.# .# , *
(........# #.#.# .#* ,
.........# #.#.# .# ,
........)########.#.# .#
........)......##...##.#,
##.......).............#,
*
#.............###.>.....#
#.............#.W.#######
######........#@O.# * *
#........#)..# , , ,
#........#.).# * **
##........#...# *
#.........#...#
#.........#..)#
#.#########.)[# * #
#.#########...#####.#
#..................[#


You could see a phantom and an ogre.

Vanquished Creatures
  Sigmund (D:3)
  An ice beast (D:6)
  A sky beast (D:6)
  2 centaurs
  2 bullfrogs
  2 scorpions
  2 howler monkeys
  A crimson imp (D:5)
  A centaur zombie (D:5)
  A jelly (D:6)
  4 orc wizards
  8 orc priests
  5 worker ants
  A hound zombie (D:6)
  A worker ant zombie (D:6)
  4 gnolls (D:2)
  7 adders
  A shadow imp (D:5)
  An adder zombie (D:5)
  An adder skeleton (D:6)
  4 worms
  5 dart slugs
  2 leopard geckos
  23 orcs
  6 giant cockroaches
  6 goblins
  7 hobgoblins
  2 jackals (D:6)
  4 quokkas
  4 bats
  5 frilled lizards
  2 goblin zombies (D:4)
  5 kobolds
  A quokka skeleton (D:5)
  6 rats
129 creatures vanquished.

Notes
Turn   | Place    | Note
-------+----------+-------------------------------------------
     0 | D:1      | poirepourri the Deep Dwarf Fighter began the quest for the Orb.
     0 | D:1      | Reached XP level 1. HP: 20/20 MP: 1/1
    96 | D:1      | Reached skill level 3 in Axes
    96 | D:1      | Reached XP level 2. HP: 27/27 MP: 2/2
   403 | D:2      | Reached skill level 4 in Axes
   403 | D:2      | Reached XP level 3. HP: 25/33 MP: 3/3
   579 | D:2      | Found an opulent altar of Gozag.
   613 | D:2      | Reached XP level 4. HP: 21/40 MP: 4/4
   615 | D:2      | Reached skill level 5 in Axes
   841 | D:3      | Found a runed gate.
   843 | D:3      | Noticed TheNamelessOne's ghost (amateur GrBe)
   844 | D:3      | Found a runed gate.
   844 | D:3      | Found a runed gate.
   844 | D:3      | Noticed a big kobold
   844 | D:3      | Noticed a big kobold
   844 | D:3      | Noticed a big kobold
   861 | D:3      | Found a stormy altar of Qazlal.
   864 | D:3      | Found a blossoming altar of Fedhas.
   958 | D:3      | Found an ancient bone altar of Kikubaaqudgha.
   996 | D:3      | Reached XP level 5. HP: 29/46 MP: 5/5
  1178 | D:3      | Reached skill level 6 in Axes
  1273 | D:3      | Noticed Sigmund
  1289 | D:3      | Killed Sigmund
  1289 | D:3      | Reached skill level 7 in Axes
  1289 | D:3      | Reached XP level 6. HP: 22/55 MP: 6/6
  1463 | D:3      | Found a roughly hewn altar of Beogh.
  1474 | D:3      | Reached skill level 8 in Axes
  1673 | D:4      | Reached XP level 7. HP: 47/61 MP: 7/7
  1823 | D:4      | Reached skill level 9 in Axes
  2058 | D:4      | Found a sand-covered staircase.
  2211 | D:5      | Entered Level 5 of the Dungeon
  2626 | D:5      | Reached skill level 10 in Axes
  2920 | D:5      | Reached XP level 8. HP: 60/68 MP: 8/8
  3372 | D:6      | Reached skill level 11 in Axes
  3568 | D:6      | Slain by an ogre

Skill      XL: |  1  2  3  4  5  6  7  8 |
---------------+-------------------------+-----
Axes           | 3 4 5 7 8 10 11 | 11.1
Fighting       | 4 |  4.7
Armour         | |  3.2
Shields        | |  3.2

Action                   |  1- 3 |  4- 6 |  7- 9 || total
-------------------------+-------+-------+-------++-------
Melee: War axe           |    81 |   118 |   219 ||   418
 Abil: Heal Wounds       |     1 |     2 |     3 ||     6
  Use: Scroll            |     5 |     5 |     5 ||    15
       Potion            |       |     3 |     2 ||     5
  Eat: Chunk             |       |     1 |     1 ||     2
       Ration            |       |     1 |     1 ||     2
Armor: Scale mail        |    25 |    48 |    74 ||   147
Dodge: Dodged            |    29 |    32 |    42 ||   103
Block: Shield            |    40 |    72 |    78 ||   190
